 Dungeon Sprint DCSS version 0.19.5 (webtiles) character file.

1068 lordofpotatos the Zephyrmancer (level 8, -6/57 HPs)
             Began as a Yellow Draconian Air Elementalist on Apr 15, 2017.
             Was an Elder of Sif Muna.
             Killed by an exploding ball lightning (32 damage)
             ... created by the player character
             ... in the Dungeon (Sprint V: "Ziggurat Sprint") on Apr 16, 2017.
             The game lasted 00:15:17 (959 turns).

lordofpotatos the Zephyrmancer (DrAE)                Turns: 959, Time: 00:15:17

Health: -6/57      AC:  6    Str: 11    XL:     8   Next: 7%
Magic:  9/25       EV: 16    Int: 35    God:    Sif Muna [****..]
Gold:   0          SH:  0    Dex: 12    Spells: 5 memorised, 3 levels left

rFire  . . .     SeeInvis .     x - +6 Majin-Bo {vamp, Archmagi MP+6 Int+6}
rCold  . . .     Gourm    .     (armour unavailable)
rNeg   . . .     Faith    .     (shield currently unavailable)
rPois  .         Spirit   .     (helmet restricted)
rElec  .         Reflect  .     (no cloak)
rCorr  +         Harm     .     (no gloves)
MR     .....     NoTele   +     (no boots)
Stlth  ++........               (no amulet)
                                A - +6 ring of intelligence
                                z - +6 ring of intelligence

@: confused
A: spit acid, acid resistance, unfitting armour, cold-blooded, AC +6
a: Spit Acid, Divine Energy, Channel Magic, Forget Spell, Renounce Religion


You were in the Dungeon.
You worshipped Sif Muna.
Sif Muna was greatly pleased with you.
You were full.

You visited 1 branch

Inventory:

Hand Weapons
 x - the +6 Majin-Bo (weapon) {vamp, Archmagi MP+6 Int+6}
   (You found it in the Dungeon)

   It inflicts no extra harm, but heals its wielder when it wounds a living foe.
   It affects your intelligence (+6).
   It affects your magic capacity (+6).
Jewellery
 z - a +6 ring of intelligence (left hand)
 A - a +6 ring of intelligence (right hand)
Scrolls
 h - 4 scrolls of blinking
 i - 4 scrolls of amnesia
 j - 3 scrolls of recharging
 k - 7 scrolls of fog
 l - a scroll of holy word
 m - 5 scrolls of identify
 n - 5 scrolls of remove curse
 o - 2 scrolls of fear
Potions
 c - 9 potions of curing
 d - 7 potions of heal wounds
 e - 5 potions of haste
 f - 7 potions of magic
 g - 3 potions of berserk rage
 p - 2 potions of brilliance
 q - 2 potions of invisibility
 r - 3 potions of resistance
 t - 5 potions of agility
 u - 5 potions of might
Books
 a - a book of Air

   Spells                             Type                      Level
   a - Shock                          Conjuration/Air              1
   b - Swiftness                      Charms/Air                   2
   c - Repel Missiles                 Charms/Air                   2
   d - Static Discharge               Conjuration/Air              3
   e - Lightning Bolt                 Conjuration/Air              5
 s - a book of the Sky

   Spells                             Type                      Level
   a - Summon Lightning Spire         Summoning/Air                4
   b - Airstrike                      Air                          4
   c - Silence                        Hexes/Air                    5
   d - Deflect Missiles               Charms/Air                   6
   e - Conjure Ball Lightning         Conjuration/Air              6
   f - Tornado                        Air                          9
Comestibles
 b - 5 bread rations
 v - 42 fruits
 w - 2 meat rations


   Skills:
 + Level 7.4 Dodging
 + Level 8.1 Stealth
 + Level 7.5 Spellcasting
 + Level 7.9 Conjurations
 + Level 8.4 Air Magic
 + Level 3.8 Invocations


You had 3 spell levels left.
You knew the following spells:

 Your Spells              Type           Power        Failure   Level  Hunger
a - Shock                 Conj/Air       ####         1%          1    None
b - Static Discharge      Conj/Air       #######.     1%          3    None
c - Lightning Bolt        Conj/Air       #######...   3%          5    ####...
d - Summon Lightning Spi  Summ/Air       ######..     8%          4    None
e - Conjure Ball Lightni  Conj/Air       #######...   17%         6    #####..


Dungeon Overview and Level Annotations

Branches:
Dungeon (1/1)

Altars:
Ashenzari
Cheibriados
Dithmenos
Elyvilon
Fedhas
Gozag
Hepliaklqana
Kikubaaqudgha
Makhleb
Nemelex Xobeh
Okawaru
Qazlal
Ru
Sif Muna
Trog
Uskayaw
Vehumet
Xom
Yredelemnul
Zin
The Shining One
Beogh
Jiyva
Lugonu


Innate Abilities, Weirdness & Mutations

You can spit globs of acid.
You are resistant to acid.
Your golden yellow scales are hard. (AC +6)
You cannot fit into any form of body armour.
You are cold-blooded and may be slowed by cold attacks.


Message History

Your Invocations skill increases to level 3!
The blast of lightning engulfs the scorpion.
You kill the scorpion!
Sif Muna accepts your kill.
The blast of lightning engulfs the tarantella.
The tarantella is almost dead.
The blast of lightning engulfs the tarantella.
The tarantella is severely wounded.
Your ball lightning explodes!
The blast of lightning engulfs your lightning spire.
Your lightning spire completely resists.
The blast of lightning engulfs the tarantella.
You kill the tarantella!
Sif Muna accepts your kill.
Your Stealth skill increases to level 8!
You have reached level 8!
You feel agile. The blast of lightning engulfs you!
Ouch! That really hurt!
You die...

▓.....▓.....▓▓▓▓▓▓▓
▓▓▓▓▓▓▓▓▓▓▓▓▓▓▓▓▓▓▓
▓..8©8...▓..8©8...▓
▓..}[[...▓..:||...▓
▓........▓..}.}...▓
▓........▓........▓
▓........▓..§†8...▓
▓.▓††..▓.▓.▓s.†.▓.▓
▓........▓...@....▓
▓▓▓▓▓▓▓▓▓▓▓▓▓▓▓▓▓▓▓


You could see a tarantella and a friendly lightning spire.

Vanquished Creatures
  A tarantella (D)
  A yak (D)
  A water moccasin (D)
  3 porcupines (D)
  A necrophage (D)
  A bullfrog (D)
  3 scorpions (D)
  An iguana (D)
  2 adders (D)
  2 jackals (D)
  A leopard gecko skeleton (D)
17 creatures vanquished.

Vanquished Creatures (others)
  A ball lightning (D)
1 creature vanquished.

Grand Total: 18 creatures vanquished

Notes
Turn   | Place    | Note
-------+----------+-------------------------------------------
     0 | D        | lordofpotatos the Draconian Air Elementalist began the quest for the Orb.
     0 | D        | Reached XP level 1. HP: 14/14 MP: 3/3
     0 | D        | Found a blossoming altar of Fedhas.
     1 | D        | Found a viscous altar of Jiyva.
     1 | D        | Found an ancient bone altar of Kikubaaqudgha.
     1 | D        | Found a hazy altar of Hepliaklqana.
     1 | D        | Found a corrupted altar of Lugonu.
     1 | D        | Found an opulent altar of Gozag.
     1 | D        | Found a burning altar of Makhleb.
     2 | D        | Found a sacrificial altar of Ru.
     2 | D        | Found a deep blue altar of Sif Muna.
     2 | D        | Found a stormy altar of Qazlal.
     2 | D        | Found a bloodstained altar of Trog.
     2 | D        | Found an iron altar of Okawaru.
     2 | D        | Found a sparkling altar of Nemelex Xobeh.
   189 | D        | Became a worshipper of Sif Muna the Loreminder
   273 | D        | Reached * piety under Sif Muna
   273 | D        | Reached XP level 2. HP: 20/20 MP: 6/6
   308 | D        | Entered arena 1.
   308 | D        | Noticed a necrophage
   320 | D        | Killed a necrophage
   320 | D        | Reached skill level 5 in Air Magic
   320 | D        | Reached XP level 3. HP: 26/26 MP: 3/9
   320 | D        | Reached XP level 4. HP: 33/33 MP: 3/10
   420 | D        | Entered arena 2.
   420 | D        | Noticed a water moccasin
   424 | D        | Reached ** piety under Sif Muna
   429 | D        | Killed a water moccasin
   429 | D        | Reached skill level 5 in Dodging
   429 | D        | Reached skill level 5 in Stealth
   429 | D        | Reached skill level 5 in Spellcasting
   429 | D        | Reached skill level 5 in Conjurations
   429 | D        | Reached XP level 5. HP: 26/38 MP: 9/12
   497 | D        | Entered arena 3.
   497 | D        | Noticed a porcupine
   497 | D        | Noticed a porcupine
   502 | D        | Learned a level 3 spell: Static Discharge
   508 | D        | Learned a level 5 spell: Lightning Bolt
   509 | D        | Killed a porcupine
   509 | D        | Reached *** piety under Sif Muna
   509 | D        | Reached XP level 6. HP: 34/45 MP: 8/15
   513 | D        | Killed a porcupine
   745 | D        | Entered arena 4.
   745 | D        | Noticed a yak
   745 | D        | Noticed a porcupine
   747 | D        | Killed a porcupine
   747 | D        | Your scales start taking on a golden yellow colour.
   747 | D        | Reached XP level 7. HP: 44/50 MP: 12/17
   750 | D        | Reached **** piety under Sif Muna
   750 | D        | Reached skill level 1 in Invocations
   757 | D        | Killed a yak
   780 | D        | Learned a level 4 spell: Summon Lightning Spire
   787 | D        | Learned a level 6 spell: Conjure Ball Lightning
   955 | D        | Entered arena 5.
   955 | D        | Noticed a tarantella
   955 | D        | Noticed a tarantella
   959 | D        | Killed a tarantella
   959 | D        | Reached XP level 8. HP: 26/57 MP: 9/19
   959 | D        | Killed by an exploding ball lightning

Skill      XL: |  1  2  3  4  5  6  7 |
---------------+----------------------+-----
Dodging        | 3 4 5 6 7 |  7.4
Stealth        | 3 4 5 6 7 8 |  8.1
Spellcasting   | 3 4 5 6 7 |  7.5
Conjurations   | 3 4 5 6 7 |  7.9
Air Magic      | 4 5 6 7 8 |  8.4
Invocations    | 3 |  3.8

Action                   |  1- 3 |  4- 6 |  7- 9 || total
-------------------------+-------+-------+-------++-------
Melee: Quarterstaff      |       |       |     1 ||     1
       Tailslap          |       |       |     1 ||     1
 Cast: Shock             |     8 |    12 |     4 ||    24
       Lightning Bolt    |       |     2 |     1 ||     3
       Static Discharge  |       |       |     3 ||     3
       Summon Lightning  |       |       |     2 ||     2
       Conjure Ball Ligh |       |       |     1 ||     1
  Use: Potion            |     4 |     2 |     1 ||     7
  Eat: Meat ration       |     1 |     1 |       ||     2
Armor: Skin              |       |     2 |       ||     2
Dodge: Dodged            |     3 |     6 |     5 ||    14
